 Dungeon Crawl Stone Soup version 0.30-a0-782-ge64f9170bb (webtiles) character file.

Game seed: 7886246687324326879

354 mopl the Covered (level 6, -9/39 HPs)
             Began as a Gargoyle Fighter on Mar 12, 2023.
             Was an Initiate of Okawaru.
             Killed by divine providence
             ... invoked by an orc priest
              (10 damage)
             ... on level 5 of the Dungeon.
             The game lasted 00:02:50 (2911 turns).

mopl the Covered (Gargoyle Fighter)                 Turns: 2911, Time: 00:02:50

Health: -9/39      AC: 16    Str: 20    XL:     6   Next: 63%
Magic:  6/6        EV:  4    Int:  8    God:    Okawaru [......]
Gold:   3          SH: 12    Dex: 11    Spells: 5/5 levels left

rFire   . . .      SeeInvis .    a - +3 flail (heavy)
rCold   + . .      Faith    .    i - +0 tower shield
rNeg    + . .      Spirit   .    j - +2 chain mail {rC+}
rPois   ∞          Reflect  .    (no helmet)
rElec   +          Harm     .    n - scarf {repulsion}
rCorr   .          Rampage  .    (no gloves)
Will    .....                    (no boots) Stlth
                                 (no amulet)
HPRegen 0.26/turn                (no ring)
MPRegen 0.10/turn                (no ring)

@: repel missiles
A: sickness immunity, AC +4, negative energy resistance 1, electricity
resistance, torment resistance 1, petrification resistance
a: Renounce Religion


You were on level 5 of the Dungeon.
You worshipped Okawaru.
Okawaru was noncommittal.
You visited 2 branches of the dungeon, and saw 6 of its levels.

You collected 189 gold pieces.
You spent 186 gold pieces at shops.

Inventory:

Hand Weapons
 a - a +3 heavy flail (weapon)
Missiles
 x - 3 javelins (quivered)
 y - 4 boomerangs
Armour
 i - a +0 tower shield (worn)
 j - a +2 chain mail of cold resistance (worn)
 n - a scarf of repulsion (worn)
Magical Staves
 h - a staff of conjuration
 r - a staff of death
Wands
 c - a wand of polymorph (11)
Scrolls
 b - a scroll of torment {unknown}
 o - 2 scrolls of teleportation {unknown}
 q - 3 scrolls of identify
 t - 4 scrolls of enchant armour {unknown}
 u - a scroll of butterflies {unknown}
 w - a scroll of amnesia {unknown}
 z - a scroll of vulnerability {unknown}
 A - a scroll of immolation {unknown}
 C - a scroll of blinking
 D - a scroll of poison
Potions
 d - a potion of might
 e - a potion of magic {unknown}
 f - 2 potions of mutation {unknown}
 g - 3 potions of heal wounds {unknown}
 k - a potion of brilliance {unknown}
 l - 2 potions of resistance {unknown}
 m - 2 potions of invisibility {unknown}
 p - 3 potions of attraction {unknown}
 s - a potion of ambrosia {unknown}
 v - 4 potions of curing {unknown}
 B - a potion of haste {unknown}


   Skills:
 + Level 4.5 Fighting
 * Level 4.4 Maces & Flails
 + Level 0.3 Throwing
 + Level 4.5 Armour
 + Level 2.0 Dodging
 - Level 3.2 Shields
 + Level 0.5 Invocations
 + Level 0.4 Evocations


You had 5 spell levels left.
You didn't know any spells.
Your spell library contained the following spells:

 Spells                   Type           Power      Damage    Failure   Level
 Shock                    Conj/Air       0%         1d3       100%        1
 Ensorcelled Hibernation  Hex/Ice        0%         N/A       100%        2
 Passwall                 Tmut/Erth      0%         N/A       100%        2
 Swiftness                Air            0%         N/A       100%        3
 Airstrike                Air            0%         2d(0-16)  100%        4


Dungeon Overview and Level Annotations

Branches:
Dungeon (5/15)             Temple (1/1) D:4

Altars:
Cheibriados
Fedhas
Kikubaaqudgha
Makhleb
Nemelex Xobeh
Okawaru
Sif Muna
Vehumet
Wu Jian
Zin

Shops:
D:2 ?


Innate Abilities, Weirdness & Mutations

You are immune to sickness and miasma.
Your stone body is resilient. (AC +4)
You are immune to poison.
You resist negative energy. (rN+)
You are resistant to electric shocks. (rElec)
You are resistant to unholy torment.
You are immune to petrification.


Message History

The water moccasin bites you. The orc hits you but does no damage.
You block the water moccasin's attack. The orc hits you but does no damage.
You block the water moccasin's attack. The orc hits you but does no damage.
You thump the water moccasin!
You kill the water moccasin!
Okawaru accepts your kill. The orc hits you with a +0 club.
The orc barely misses you.
Your Dodging skill increases to level 2!
You sock the orc!
You kill the orc!
Okawaru accepts your kill.
You start resting.
HP restored.
You climb downwards.
The orc priest mumbles some strange prayers to Beogh against you.
Beogh smites you!
There is a stone staircase leading up here.
You see here a +0 robe.
The orc priest mumbles some strange prayers to Beogh against you.
Beogh smites you!
* * * LOW HITPOINT WARNING * * *
You are too injured to fight recklessly!
You are too injured to fight recklessly!
You hit the orc priest.
The orc priest is moderately wounded.
You block the orc priest's attack.
The orc priest hits you with a +0 hand axe of flaming.
* * * LOW HITPOINT WARNING * * *
The orc priest burns you.
* * * LOW HITPOINT WARNING * * *
The orc priest hits you but does no damage.
You hit the orc priest.
The orc priest is severely wounded.
The orc priest hits you with a +0 hand axe of flaming.
* * * LOW HITPOINT WARNING * * *
The orc priest burns you.
* * * LOW HITPOINT WARNING * * *
The orc priest invokes the aid of Beogh against you.
Beogh smites you!
You die...

.##..####.......
#.<...#..........
#................
##...........$....
#.......)........#
#...............#
#.........<.....#
.........[......#
.......@.......#..
......o.......##
.............##
##.......#####
#########


You could see an orc priest.

Vanquished Creatures
  A water moccasin (D:4)
  2 phantoms (D:4)
  Terence (D:2)
  2 adders
  A worm (D:2)
  A dart slug (D:4)
  3 orcs
  2 bats (D:3)
  4 endoplasms
  4 giant cockroaches
  6 goblins
  9 hobgoblins
  4 jackals (D:3)
  9 ball pythons
  2 frilled lizards (D:2)
  3 kobolds
  3 rats
57 creatures vanquished.

Notes
Turn   | Place    | Note
-------+----------+-------------------------------------------
     0 | D:1      | mopl the Gargoyle Fighter began the quest for the Orb.
     0 | D:1      | Reached XP level 1. HP: 14/14 MP: 1/1
   267 | D:1      | Reached XP level 2. HP: 19/19 MP: 2/2
   671 | D:2      | Noticed Terence
   687 | D:2      | Killed Terence
   688 | D:2      | Reached XP level 3. HP: 21/23 MP: 3/3
   892 | D:2      | Found Xoadduh's Magic Scroll Shop.
   895 | D:2      | Bought a scroll of identify for 24 gold pieces
  1034 | D:2      | Reached skill level 1 in Dodging
  1155 | D:2      | Reached skill level 3 in Maces & Flails
  1415 | D:2      | Reached XP level 4. HP: 29/29 MP: 4/4
  1987 | D:3      | Found a faded altar of an unknown god.
  2245 | D:4      | Noticed a phantom
  2250 | D:4      | Killed a phantom
  2251 | D:4      | Reached skill level 4 in Fighting
  2251 | D:4      | Reached skill level 4 in Armour
  2251 | D:4      | Reached XP level 5. HP: 33/33 MP: 5/5
  2254 | D:4      | Noticed a phantom
  2259 | D:4      | Killed a phantom
  2260 | D:4      | Reached skill level 4 in Maces & Flails
  2260 | D:4      | Reached XP level 6. HP: 39/39 MP: 6/6
  2404 | D:4      | Found a staircase to the Ecumenical Temple.
  2436 | Temple   | Entered the Ecumenical Temple
  2443 | Temple   | Became a worshipper of Warmaster Okawaru
  2809 | D:2      | Bought a scroll of identify for 24 gold pieces
  2809 | D:2      | Bought a scroll of blinking for 90 gold pieces
  2809 | D:2      | Bought a scroll of poison for 48 gold pieces
  2841 | D:5      | Entered Level 5 of the Dungeon
  2842 | D:5      | Noticed a water moccasin
  2851 | D:4      | Killed a water moccasin
  2852 | D:4      | Reached skill level 2 in Dodging
  2911 | D:5      | HP: 1/39 [orc priest/+0 hand axe of flaming (1)]
  2911 | D:5      | Killed from afar by an orc priest

Illustrated notes

Levels and vault maps discovered:
D:1:      minmay_arrival_split_and_join, layout_loops_ring
D:2:      minmay_wonky_spiral, layout_basic, serial_shops,
          nicolae_shop_behind_doors, minmay_misc_feat_secret_circle,
          kennysheep_generic_room_5, uniq_terence
D:3:      layout_loops_ring, ebering_ecumenical_altar_box
D:4:      layout_cave_pools, minmay_temple_entry_gardened_gates
D:5:      layout_cave_pods, minmay_statues_item, chequers_serial_rivers_marsh,
          hangedman_abyss_or_decor_stabs, uniq_ijyb, uniq_menkaure,
          uniq_eustachio
Temple:   compressed_dpeg_triangle_lava_temple

Skill      XL: |  1  2  3  4  5  6 |
---------------+-------------------+-----
Dodging        | 1 2 |  2.0
Maces & Flails | 3 4 |  4.4
Fighting       | 4 |  4.5
Armour         | 4 |  4.5
Throwing       | |  0.3
Shields        | |  3.2
Invocations    | |  0.5
Evocations     | |  0.4

Action                     |  1- 3 |  4- 6 || total
---------------------------+-------+-------++-------
  Melee: Flail             |    58 |    74 ||   132
         Unarmed           |     8 |       ||     8
   Stab: Confused          |     1 |       ||     1
 Armour: Scale mail        |    14 |       ||    14
         Skin              |     1 |       ||     1
         Chain mail        |    16 |    56 ||    72
  Dodge: Dodged            |    12 |    17 ||    29
  Block: Buckler           |     1 |       ||     1
         Tower shield      |    37 |    65 ||   102

Table legend: (Time is in decaauts)
 A = Elapsed time spent in this place.
 B = Non-inter-level travel time spent in this place.
 C = Inter-level travel time spent in this place.
 D = Time resting spent in this place.
 E = Time spent auto-exploring this place.
 F = Levels seen in this place.
 G = Mean time per level.
                   A        B        C        D        E       F      G
               +--------+--------+--------+--------+--------+-----+--------+
         Total |   3041 |   2826 |    215 |     52 |   2242 |   6 |  506.8 |
       Dungeon |   3026 |   2819 |    207 |     52 |   2242 |   5 |  605.2 |
        Temple |     14 |      7 |      7 |      0 |      0 |   1 |   14.0 |
               +--------+--------+--------+--------+--------+-----+--------+

Top non-repeatable levels by time:
     D:2: 1023 daAuts
     D:3: 714 daAuts
     D:1: 643 daAuts
     D:4: 630 daAuts
     D:5: 14 daAuts
  Temple: 14 daAuts
